Map: Muralla dorada EJ

Players

spaceman

  • Race: Protoss Protoss
  • League: Platinum
  • Spawn Location: 5:00

Leavage - Winner!

  • Race: Terran Terran
  • League: Platinum
  • Spawn Location: 7:00

VOD

Have the link to the VOD?

Description

Time

  • Played on: Aug. 3, 2020, 6:43 p.m.
  • Length: 11:53
Show
View Real Time Build Order
Export as new Build Order

spaceman Protoss 

Build Orders: Double Forge 

Get SALT Encoding   

  12  0:03  Probe  
  13  0:15  Probe  
  13  0:20  Pylon  
  14  0:25  Assimilator  
  14  0:30  Probe  
  16  0:42  Probe  
  16  0:49  Gateway  
  16  0:55  Probe  
  17  1:05  Pylon  
  17  1:07  Probe  
  18  1:17  Forge  
  18  1:19  Probe (Chrono Boost)  
  19  1:31  Probe (Chrono Boost)  
  20  1:33  Assimilator  
  20  1:36  Probe (Chrono Boost)  
  21  1:42  Cybernetics Core  
  21  1:49  Zealot  
  23  2:06  Forge  
  23  2:09  Gateway  
  23  2:18  Warp Gate  
  23  2:27  Probe (Chrono Boost)  
  24  2:36  Protoss Ground Weapons Level 1  
  25  2:38  Probe (Chrono Boost)  
  25  2:41  Protoss Ground Armor Level 1  
  25  2:50  Stalker  
  27  2:58  Probe  
  28  3:10  Probe (Chrono Boost)  
  29  3:21  Nexus  
  29  3:22  Probe (Chrono Boost)  
  29  3:56  Probe  
  30  4:08  Probe  
  31  4:18  Pylon  
  31  4:24  Pylon  
  31  4:27  Pylon  
  31  4:30  Pylon  
  31  4:32  Pylon, Probe  
  31  4:36  Stalker  
  31  4:37  Stalker  
  36  4:44  Probe  
  37  4:49  Photon Cannon  
  37  4:57  Probe  
  38  5:04  Photon Cannon  
  38  5:05  Photon Cannon  
  38  5:07  Assimilator  
  38  5:11  Gateway  
  38  5:17  Stargate  
  38  5:20  Stalker  
  40  5:28  Twilight Council  
  23  5:45  Stalker  
  25  5:53  Probe  
  26  6:06  Probe (Chrono Boost)  
  27  6:17  Probe (Chrono Boost)  
  28  6:21  Zealot  
  30  6:31  Probe x2 (Chrono Boost)  
  32  6:43  Probe (Chrono Boost)  
  32  6:45  Probe (Chrono Boost)  
  34  6:54  Probe (Chrono Boost)  
  35  6:59  Protoss Ground Weapons Level 2  
  35  7:03  Probe (Chrono Boost)  
  36  7:13  Probe (Chrono Boost)  
  36  7:14  Probe (Chrono Boost)  
  38  7:21  Probe (Chrono Boost)  
  29  7:36  Probe (Chrono Boost)  
  30  7:43  Probe (Chrono Boost)  
  31  7:47  Probe (Chrono Boost)  
  33  7:52  Probe (Chrono Boost)  
  33  7:54  Probe (Chrono Boost)  
  33  7:55  Protoss Ground Armor Level 2  
  30  8:02  Probe (Chrono Boost)  
  33  8:13  Probe x2 (Chrono Boost)  
  33  8:18  Probe (Chrono Boost)  
  33  8:19  Probe (Chrono Boost)  
  35  8:21  Charge  
  35  8:25  Sentry  
  35  8:30  Sentry  
  35  8:31  Probe  
  38  8:43  Probe (Chrono Boost)  
  38  8:47  Probe (Chrono Boost)  
  41  8:55  Probe (Chrono Boost)  
  41  8:58  Probe (Chrono Boost)  
  40  9:03  Probe (Chrono Boost)  
  40  9:08  Probe  
  40  9:15  Photon Cannon  
  41  9:20  Probe  
  41  9:23  Photon Cannon  
  41  9:37  Photon Cannon  
  41  9:42  Photon Cannon  
  41  9:54  Pylon  
  41  9:55  Probe (Chrono Boost)  
  41  9:56  Pylon  
  41  9:58  Pylon  
  42  10:05  Probe (Chrono Boost)  
  43  10:22  Probe  
  43  10:27  Void Ray  
  48  10:32  Zealot  
  48  10:34  Probe  
  51  10:42  Zealot  
  51  10:43  Zealot  
  51  10:46  Probe  
  56  10:58  Stargate, Probe  
  56  11:00  Stargate  
  57  11:10  Probe  
  58  11:11  Zealot  
  58  11:12  Zealot x2  
  29  11:36  Zealot  
  29  11:37  Zealot  
  29  11:39  Stalker  
Show
View Real Time Build Order
Export as new Build Order

Leavage Terran - Winner!

Build Orders: Reaper Expand 

Get SALT Encoding   

  12  0:00  SCV  
  13  0:12  SCV  
  14  0:17  Supply Depot  
  14  0:28  SCV  
  15  0:40  SCV, Barracks  
  16  0:44  Refinery  
  16  0:52  SCV  
  17  1:04  SCV  
  18  1:16  SCV  
  19  1:28  Reaper  
  21  1:33  Orbital Command  
  20  1:46  Command Center  
  20  2:06  Supply Depot  
  20  2:16  SCV  
  21  2:28  SCV  
  21  2:30  Factory  
  21  2:32  Marine  
  21  2:33  Refinery  
  22  2:41  SCV  
  23  2:59  Barracks Reactor, Orbital Command  
  23  3:05  SCV, Bunker  
  24  3:15  Starport  
  24  3:16  Widow Mine  
  24  3:17  SCV  
  27  3:42  SCV x2  
  27  3:44  Marine x2  
  33  3:48  Widow Mine  
  33  3:54  Supply Depot, SCV  
  34  3:56  Medivac  
  34  3:57  SCV  
  34  4:01  Marine  
  34  4:02  Marine  
  39  4:06  SCV  
  40  4:14  SCV  
  40  4:15  Supply Depot  
  41  4:18  SCV, Widow Mine  
  41  4:19  Marine x2  
  46  4:26  SCV, Medivac  
  46  4:31  SCV  
  50  4:38  SCV  
  50  4:39  Supply Depot  
  51  4:48  Factory Tech Lab  
  51  4:57  Starport Tech Lab  
  51  4:59  Marine x2  
  53  5:01  SCV, Barracks  
  53  5:02  SCV, Barracks  
  53  5:06  Refinery  
  55  5:07  Refinery  
  53  5:45  SCV  
  53  5:46  SCV  
  53  5:47  Marine x2  
  53  5:49  Siege Tank  
  60  5:50  Barracks Tech Lab  
  60  5:51  Raven  
  60  5:52  Barracks Tech Lab  
  62  5:58  SCV x2  
  64  6:05  Marine x2  
  64  6:10  SCV  
  67  6:17  Command Center  
  67  6:18  Engineering Bay  
  67  6:20  Engineering Bay  
  67  6:21  SCV  
  67  6:22  Marine  
  69  6:37  SCV  
  69  6:39  Stimpack  
  70  6:40  Combat Shield  
  70  6:48  Armory  
  70  6:53  Terran Infantry Armor Level 1, Terran Infantry Weapons Level 1  
  70  7:01  Marine x2, SCV  
  70  7:02  Marauder x2  
  70  7:04  Supply Depot x2  
  70  7:05  Supply Depot  
  77  7:19  Marine  
  77  7:21  Marine  
  66  7:32  Marauder x2  
  66  7:34  SCV x2  
  71  7:37  Marine  
  71  7:39  Marine  
  71  7:42  Missile Turret, Orbital Command  
  73  7:46  SCV x2  
  73  7:49  Terran Vehicle Weapons Level 1  
  73  7:50  Siege Tank  
  78  7:53  Marauder x2  
  78  7:55  Marine  
  78  7:57  Marine  
  84  8:02  Starport Reactor, Barracks  
  84  8:07  Barracks  
  84  8:09  Concussive Shells  
  84  8:12  Marine  
  84  8:14  Marauder  
  84  8:15  Marauder  
  84  8:16  Marine  
  84  8:18  SCV  
  91  8:24  Missile Turret  
  91  8:36  Marauder  
  91  8:37  SCV x2  
  95  8:43  SCV  
  95  8:45  Marine x2  
  95  8:46  Marauder  
  100  8:49  SCV  
  100  8:51  Refinery  
  100  8:52  Marauder  
  100  8:54  Refinery  
  103  8:57  Marauder  
  105  9:04  Supply Depot  
  105  9:07  Supply Depot  
  105  9:10  Supply Depot  
  105  9:12  SCV x3  
  105  9:13  Marine  
  105  9:14  Marine, Marauder x2  
  105  9:16  Barracks Tech Lab  
  114  9:19  Marauder  
  116  9:25  SCV  
  116  9:26  SCV x2  
  116  9:27  Terran Infantry Weapons Level 2  
  119  9:35  Marauder  
  119  9:38  Medivac x2  
  125  9:51  SCV  
  125  9:52  SCV  
  125  9:57  Marine x3  
  125  9:58  Marine x3, Starport  
  131  10:08  Viking x2  
  131  10:13  SCV x2  
  131  10:14  SCV  
  138  10:15  Marine x3  
  138  10:20  Supply Depot  
  141  10:24  Supply Depot x2  
  141  10:40  Marine x2, Marauder x2  
  141  10:41  Marine x2  
  149  10:44  Starport Reactor  
  149  10:45  Medivac x2  
  149  10:47  Command Center  
  153  10:55  SCV  
  153  10:56  SCV x2  
  156  10:59  Marine x3  
  156  11:00  Marine  
Tags
 
Add a new tag
Caveats
  • Supply blocks, unpowered buildings, or Contaminate may cause inaccurate times.
  • Supply counts are checked every 10 seconds.